 Dungeon Crawl Stone Soup version 0.30-a0-364-gf6b3ef1049 (webtiles) character file.

Game seed: 8428234049556404048

843 marietta the Covert (level 7, -3/59 HPs)
             Began as an Armataur Delver on Nov 14, 2022.
             Was a Follower of Dithmenos.
             Slain by a hornet (12 damage)
             ... on level 4 of the Dungeon.
             The game lasted 00:10:15 (3905 turns).

marietta the Covert (Armataur Delver)               Turns: 3905, Time: 00:10:16

Health: -3/59      AC:  5    Str: 13 (17) XL:     7   Next: 68%
Magic:  7/7        EV:  9    Int: 11 (13) God:    Dithmenos [*.....]
Gold:   289        SH:  0    Dex:  9 (11) Spells: 6/6 levels left

rFire   . . .      SeeInvis .    a - +0 short sword (protect)
rCold   . . .      Faith    .    (no shield)
rNeg    + . .      Spirit   .    b - +0 leather armour
rPois   .          Reflect  .    i - +0 helmet
rElec   .          Harm     .    (no cloak)
rCorr   .          Roll     +    (no gloves)
Will    .....                    (no barding)
Stlth   ++++......               (no amulet)
HPRegen 0.29/turn                j - ring of positive energy
MPRegen 0.10/turn                (no ring)

@: mighty, wreathed by umbra
A: large, rugged brown scales 3, deformed body, armoured tail, roll, long
tongue, awkward tongue
a: Renounce Religion


You were on level 4 of the Dungeon.
You worshipped Dithmenos.
Dithmenos was aware of your devotion.
You visited 2 branches of the dungeon, and saw 6 of its levels.

You collected 289 gold pieces.

Inventory:

Hand Weapons
 a - a +0 short sword of protection (weapon)
 k - a +0 short sword
Armour
 b - a +0 leather armour (worn)
 i - a +0 helmet (worn)
 w - a +0 robe
Jewellery
 j - a ring of positive energy (left hand)
 v - a +6 ring of dexterity
Wands
 g - a wand of digging (3)
Scrolls
 c - a scroll of fog
 d - 2 scrolls of magic mapping
 e - a scroll of fear
 h - 3 scrolls of identify {unknown}
 m - 3 scrolls of teleportation {unknown}
 o - 2 scrolls of enchant armour {unknown}
 r - 2 scrolls of immolation {unknown}
 s - a scroll of acquirement {unknown}
 t - a scroll of amnesia {unknown}
 u - a scroll of butterflies {unknown}
Potions
 p - a potion of attraction {unknown}
 q - a potion of curing


   Skills:
 - Level 2.6 Fighting
 + Level 4.8 Short Blades
 - Level 1.3 Dodging
 * Level 10.2 Stealth


You had 6 spell levels left.
You didn't know any spells.
Your spell library contained the following spells:

 Spells                   Type           Power      Damage    Failure   Level
 Freeze                   Ice            0%         1d3       41%         1
 Necrotise                Necr           0%         1d4       41%         1
 Frozen Ramparts          Ice            0%         1d1       80%         3
 Hailstorm                Conj/Ice       0%         3d3       80%         3
 Ice Form                 Ice/Tmut       0%         N/A       99%         4
 Agony                    Necr           0%         N/A       100%        5
 Arcjolt                  Conj/Air       0%         1d10      100%        5
 Simulacrum               Ice/Necr       0%         N/A       100%        6


Dungeon Overview and Level Annotations

Branches:
Dungeon (5/15)             Temple (1/1) D:4

Altars:
Ashenzari
Dithmenos
Gozag
Hepliaklqana
Kikubaaqudgha
Makhleb
Okawaru
Trog
Uskayaw
Vehumet
Wu Jian
Xom
Yredelemnul
Zin


Innate Abilities, Weirdness & Mutations

You are completely covered in rugged brown scales. (AC +3, +7% HP)
Armour fits poorly on your strangely shaped body.
You have a long armoured tail.
You roll when moving toward enemies. (Rampage)
Your long tongue fully drains potion bottles. (2x potion effects)
Your tongue gives you trouble enunciating. (1.5x scroll delay)


Message History

The iguana is almost dead.
You hit the iguana but do no damage. You tail-slap the iguana.
You kill the iguana!
Dithmenos accepts your kill.
You are shrouded in an aura of darkness!
The orc hits you with a +0 flail. The orc attacks as you move away!
The orc hits you but does no damage.
You see here a dart slug corpse.
The iguana hisses angrily.
You roll towards the iguana!
The iguana bites you.
You can't go up here!
You roll towards the orc!
You hit the orc.
Your weapon exudes an aura of protection.
The orc is severely wounded.
The orc barely misses you. The hornet stings you.
You feel yourself slow down. The orc hits you but does no damage.
The iguana hisses menacingly.
The iguana bites you!
* * * LOW HITPOINT WARNING * * *
You climb upwards.
You feel yourself speed up.
There is a stone staircase leading down, spattered with blood here.
As you slowly read the scroll of fear, it crumbles to dust.
You assume a fearsome visage.
The orc looks frightened!
The hornet looks frightened!
The iguana looks frightened!
Cornered, the hornet turns to fight!
You slurp down every last drop of the white potion!
It was a potion of degeneration.
There was something very wrong with that liquid.
You feel weakened.
You feel dopey.
You feel clumsy. The hornet stings you.
* * * LOW HITPOINT WARNING * * *
You feel yourself slow down.
You slurp down every last drop of the sedimented yellow potion!
It was a potion of might.
You feel very mighty all of a sudden.
You feel yourself speed up.
The hornet stings you but does no damage.
The hornet stings you!
You die...

########### #l.o......#
#.........########## #
#......>y..........######
#.......@...######.......
#...............##.......
###########..##[##§§.^...
#.......#.§.....
#####......)....
#.#......... #.#.........
#[.......... ###.#.......


You could see a hornet, an iguana (fleeing) and an orc (fleeing).

Vanquished Creatures
  Grinder (D:4)
  An orc warrior (D:5)
  A black bear (D:5)
  A scorpion (D:3)
  A necrophage (D:4)
  A jelly (D:5)
  An orc priest (D:4)
  Jessica (D:2)
  An iguana (D:5)
  2 orc wizards
  6 adders
  A worm (D:4)
  2 dart slugs
  11 orcs
  8 ball pythons
  9 endoplasms
  5 giant cockroaches
  5 goblins
  10 hobgoblins
  11 jackals
  6 quokkas
  2 bats (D:1)
  4 frilled lizards
  13 kobolds
  5 rats
109 creatures vanquished.

Vanquished Creatures (others)
  19 plants (D:5)
19 creatures vanquished.

Grand Total: 128 creatures vanquished

Notes
Turn   | Place    | Note
-------+----------+-------------------------------------------
     0 | D:5      | marietta the Armataur Delver began the quest for the Orb.
     0 | D:5      | Reached XP level 1. HP: 19/19 MP: 1/1
    27 | D:5      | Noticed a jelly
    31 | D:5      | Killed a jelly
    32 | D:5      | Reached skill level 6 in Stealth
    32 | D:5      | Reached XP level 2. HP: 26/26 MP: 2/2
    32 | D:5      | Reached XP level 3. HP: 32/32 MP: 3/3
   206 | D:3      | Found an iron altar of Okawaru.
   352 | D:4      | Found a staircase to the Ecumenical Temple.
   364 | Temple   | Entered the Ecumenical Temple
   459 | Temple   | Reached XP level 4. HP: 22/39 MP: 4/4
   838 | D:4      | Noticed a black bear
   888 | D:3      | Got Duts's Parchment of Subjectivity
   914 | D:2      | Reached skill level 7 in Stealth
  1549 | D:2      | Noticed Jessica
  1553 | D:2      | Killed Jessica
  1554 | D:2      | Reached XP level 5. HP: 44/44 MP: 5/5
  2686 | D:3      | Reached skill level 8 in Stealth
  2686 | D:3      | Reached XP level 6. HP: 53/53 MP: 6/6
  2771 | D:4      | Found a shadowy altar of Dithmenos.
  2793 | D:4      | Became a worshipper of Dithmenos the Shadowed
  3274 | D:4      | Found an ancient bone altar of Kikubaaqudgha.
  3552 | D:5      | Noticed Grinder
  3556 | D:5      | Paralysed by Grinder for 3 turns
  3572 | D:4      | Paralysed by Grinder for 3 turns
  3585 | D:4      | Killed Grinder
  3586 | D:4      | Reached skill level 9 in Stealth
  3586 | D:4      | Reached XP level 7. HP: 11/59 MP: 7/7
  3788 | D:5      | Found a radiant altar of Vehumet.
  3843 | D:5      | Reached skill level 10 in Stealth
  3844 | D:5      | Noticed a hornet
  3892 | D:5      | Reached * piety under Dithmenos
  3905 | D:4      | Slain by a hornet

Illustrated notes

Levels and vault maps discovered:
D:1:      mainiacjoe_arrival_reflecting_pool, layout_rooms
D:2:      layout_basic, st_stairs_7, chequers_decorated_corner,
          chequers_serial_rivers_large_a, dk_noncrumbling_4, uniq_jessica
D:3:      layout_basic, okawaru_ov_weapons_minmay
D:4:      layout_basic, kennysheep_mini_moat, grunt_dithmenos_smoke,
          minmay_temple_entry_large_hall, cheibrodos_sewer_entry_drain,
          feat_on_display
D:5:      layout_loops_ring, mainiacjoe_overflow_cross_hatched,
          grunt_ministairs_15, uniq_grinder
Temple:   chequers_temple_sunken

Skill      XL: |  1  2  3  4  5  6  7 |
---------------+----------------------+-----
Short Blades   | 2 3 4 |  4.8
Stealth        | 6 7 8 9 10 | 10.2
Fighting       | |  2.6
Dodging        | |  1.3

Action                   |  1- 3 |  4- 6 |  7- 9 || total
-------------------------+-------+-------+-------++-------
Melee: Short sword       |    68 |   313 |    24 ||   405
       Tailslap          |     6 |    44 |     5 ||    55
       Punch             |     1 |     3 |       ||     4
  Use: Potion            |       |     2 |     3 ||     5
       Scroll            |       |       |     2 ||     2
 Stab: Sleeping          |     4 |    26 |     3 ||    33
       Distracted        |       |     1 |       ||     1
Armor: Leather armour    |    22 |    96 |    13 ||   131
Dodge: Dodged            |    26 |   128 |    16 ||   170

Table legend: (Time is in decaauts)
 A = Elapsed time spent in this place.
 B = Non-inter-level travel time spent in this place.
 C = Inter-level travel time spent in this place.
 D = Time resting spent in this place.
 E = Time spent auto-exploring this place.
 F = Levels seen in this place.
 G = Mean time per level.
                   A        B        C        D        E       F      G
               +--------+--------+--------+--------+--------+-----+--------+
         Total |   3831 |   3583 |    248 |    632 |   1982 |   6 |  638.5 |
       Dungeon |   3589 |   3399 |    190 |    480 |   1982 |   5 |  717.8 |
        Temple |    242 |    184 |     58 |    152 |      0 |   1 |  242.0 |
               +--------+--------+--------+--------+--------+-----+--------+

Top non-repeatable levels by time:
     D:4: 1240 daAuts
     D:2: 839 daAuts
     D:3: 830 daAuts
     D:1: 490 daAuts
  Temple: 242 daAuts
     D:5: 188 daAuts
